 Dungeon Crawl Stone Soup version 0.29-a0-477-g62b78b4225 (webtiles) character file.

Game seed: 12368971870033893618

249 Sobieck the Sneak (level 6, 0/33 HPs)
             Began as a Vine Stalker Fighter on May 24, 2022.
             Succumbed to a kobold brigand's curare-tipped dart
             ... on level 4 of the Dungeon.
             The game lasted 00:04:54 (2332 turns).

Sobieck the Sneak (Vine Stalker Fighter)            Turns: 2332, Time: 00:04:55

Health: 0/33       AC: 13    Str: 18    XL:     6   Next: 12%
Magic:  3/7        EV:  9    Int:  8    God:
Gold:   167        SH:  5    Dex: 16    Spells: 5/5 levels left

rFire   . . .      SeeInvis .   b - +0 hunting sling {sling}
rCold   . . .      Faith    .   c - +0 buckler
rNeg    . . .      Spirit   +   y - +4 scale mail "Patsaidgh" {Fly rCorr Slay+3}
rPois   .          Reflect  .   k - +0 helmet
rElec   .          Harm     .   (no cloak)
rCorr   +          Rampage  .   t - +0 pair of gloves
Will    .....                   g - +0 pair of boots
Stlth   +.........              q - amulet of regeneration {@e2}
HPRegen 1.71/turn               (no ring)
MPRegen 0.10/turn               (no ring)

@: lethally poisoned (0 -> -28), flying, slowed, very slow
A: fangs 2, regeneration 1, magic shield, antimagic bite, no potion heal 2
a: no special abilities


You were on level 4 of the Dungeon.
You visited 1 branch of the dungeon, and saw 4 of its levels.

You collected 167 gold pieces.


Innate Abilities, Weirdness & Mutations

You have extremely sharp teeth.
Your natural rate of healing is unusually fast.
When hurt, damage is shared between your health and your magic reserves.
Your bite disrupts and absorbs the magic of your enemies.
Potions cannot restore your health.


   Skills:
 + Level 4.1 Fighting
 + Level 3.5 Short Blades
 - Level 2.4 Armour
 + Level 4.2 Stealth
 - Level 2.6 Shields


You had 5 spell levels left.
You didn't know any spells.
Your spell library contained the following spells:

 Spells                   Type           Power      Damage    Failure   Level
 Magic Dart               Conj           0%         1d3       88%         1
 Searing Ray              Conj           0%         2d4       95%         2
 Fulminant Prism          Conj/Hex       0%         3d6       100%        4
 Alistair's Intoxication  Tmut/Pois      0%         N/A       100%        5
 Borgnjor's Vile Clutch   Necr/Erth      0%         N/A       100%        5
 Eringya's Noxious Bog    Tmut/Pois      0%         N/A       100%        6

Inventory:

Hand Weapons
 a - a +0 rapier {short}
 b - a +0 hunting sling (weapon) {sling}
   (You took it off a goblin on level 2 of the Dungeon)
 o - a +2 halberd of freezing {polearm}
   (You found it on level 2 of the Dungeon)
 z - a +1 short sword of draining {short}
   (You found it on level 3 of the Dungeon)
 D - a +3 dagger {short}
   (You took it off a goblin on level 4 of the Dungeon)
Missiles
 e - 164 stones {throwing}
 h - 3 datura-tipped darts {throwing}
Armour
 c - a +0 buckler (worn)
 g - a +0 pair of boots (worn)
   (You found it on level 1 of the Dungeon)
 k - a +0 helmet (worn)
   (You found it on level 1 of the Dungeon)
 n - a +0 scale mail
 s - a +0 robe
   (You found it on level 3 of the Dungeon)
 t - a +0 pair of gloves (worn)
   (You found it on level 3 of the Dungeon)
 y - the +4 scale mail "Patsaidgh" (worn) {Fly rCorr Slay+3}
   (You found it on level 3 of the Dungeon)

   Slay:      It affects your accuracy & damage with ranged weapons and melee
   (+3).
   Fly:       It grants you flight.
   rCorr:     It protects you from acid and corrosion.
 B - a +0 robe
   (You took it off an orc wizard on level 3 of the Dungeon)
 C - a +0 leather armour
   (You took it off an orc on level 3 of the Dungeon)
Jewellery
 q - an amulet of regeneration (around neck) {@e2}
   (You found it on level 3 of the Dungeon)
Scrolls
 f - a scroll of enchant weapon {unknown}
 i - 4 scrolls of identify {unknown}
 j - a scroll of teleportation {unknown}
 l - 4 scrolls of magic mapping {unknown}
 p - 3 scrolls of immolation {unknown}
 w - a scroll of fear {unknown}
 A - a scroll of poison {unknown}
 E - a scroll of blinking {unknown}
Potions
 d - 2 potions of might
 m - 3 potions of curing {unknown}
 r - 3 potions of heal wounds {unknown}
 u - a potion of flight {unknown}
 v - a potion of lignification {unknown}
 x - a potion of brilliance {unknown}

Dungeon Overview and Level Annotations

Branches:
Dungeon (4/15)
 Temple: D:4-7

Altars:
Fedhas
Qazlal

.. .............. .
..#........... #...#.
##..#$..........
#...#.####..##...........
#.......#...###..........
... #.....##..........#
...##...####.........#
#.##....##...........
#...@##..##..........
#...####..#....#..#..
#..####...##.###..### ...
#..#...............# ...
.K..................## ..
......................#
..........................#
###
.#......##....##....#......
#<####.#......
#.#.###...##......


You could see a kobold brigand.


Message History

The orc wizard's magic leaks into the air.
You drain its magic.
The orc wizard falters for a moment.
You miss the orc wizard. You bite the orc wizard.
The orc wizard's magic leaks into the air.
You drain its magic.
The orc wizard hits you but does no damage.
You barely miss the orc wizard. Your bite misses the orc wizard.
The orc wizard falters for a moment.
You puncture the orc wizard!
You kill the orc wizard!
B - a +0 robe You see here a +0 dagger {short}.
Things that are here:
a +0 dagger {short}; an orc corpse
C - a +0 leather armour
Things that are here:
a +0 club {mace}; an orc corpse
There is a stone staircase leading down here.
Unknown command.
b - a +0 hunting sling (weapon)
{sling} You fly downwards.
The goblin hits you but does no damage.
There is a stone staircase leading up here.
Danger!
a - a +0 rapier (weapon)
{short} The goblin hits you but does no damage.
You barely miss the goblin. The goblin hits you but does no damage.
You barely miss the goblin. You bite the goblin.
You kill the goblin!
No target in view!
D - a +3 dagger {short} Unknown command.
There is a stone staircase leading up here.
An endoplasm comes into view.
The endoplasm quivers.
Danger!
b - a +0 hunting sling (weapon)
{sling} You shoot a sling bullet.
The sling bullet hits the endoplasm!
You kill the endoplasm!
No target in view!
No target in view!
e - 164 stones {throwing} (gained 10)
You now have 167 gold pieces (gained 11).
A giant cockroach comes into view.
Danger!
You shoot a sling bullet.
The sling bullet hits the giant cockroach but does no damage.
You shoot a sling bullet.
The sling bullet hits the giant cockroach.
You kill the giant cockroach!
No target in view!
E - a scroll labelled CEDELO KEOBEPH Unknown command.
A scorpion comes into view.
Danger!
You shoot a sling bullet.
The sling bullet hits the scorpion but does no damage.
You shoot a sling bullet. The sling bullet hits the scorpion.
You shoot a sling bullet.
The sling bullet barely misses the scorpion.
a - a +0 rapier (weapon)
{short} The scorpion stings you but does no damage.
You hit the scorpion. You bite the scorpion. You drain its power.
The scorpion stings you but does no damage.
You hit the scorpion. Your bite misses the scorpion.
You block the scorpion's attack.
You hit the scorpion.
You bite the scorpion, but do no damage.
The scorpion closely misses you.
You hit the scorpion. You bite the scorpion.
You kill the scorpion!
Your Fighting skill increases to level 4!
Your Stealth skill increases to level 4!
You have reached level 6!
There is a stone staircase leading up here.
Danger!
b - a +0 hunting sling (weapon)
{sling} Unknown command.
You shoot a sling bullet.
The sling bullet hits the kobold brigand.
The kobold brigand throws a curare-tipped dart.
The curare-tipped dart hits you.
You are poisoned.
You have difficulty breathing.
You feel yourself slow down.
You shoot a sling bullet.
The sling bullet barely misses the kobold brigand.
You feel extremely sick.
The kobold brigand throws a curare-tipped dart.
The curare-tipped dart hits you.
You are more poisoned.
You have difficulty breathing.
* * * LOW HITPOINT WARNING * * *
You feel as though you will be slow longer.
The kobold brigand throws a curare-tipped dart.
The curare-tipped dart hits you.
You are lethally poisoned!
You have difficulty breathing.
* * * LOW HITPOINT WARNING * * *
You feel as though you will be slow longer.
You die...

Skill      XL: |  1  2  3  4  5 |
---------------+----------------+-----
Short Blades   | 2 3 |  3.5
Stealth        | 1 2 3 4 |  4.2
Fighting       | 3 4 |  4.1
Armour         | |  2.4
Shields        | |  2.6

Action                   |  1- 3 |  4- 6 || total
-------------------------+-------+-------++-------
Melee: Rapier            |    92 |    31 ||   123
       Bite              |    18 |    15 ||    33
 Fire: Hunting sling     |    13 |    36 ||    49
Throw: Stone             |    81 |       ||    81
Armor: Scale mail        |    40 |    30 ||    70
Dodge: Dodged            |    38 |    15 ||    53
Block: Buckler           |    25 |     9 ||    34

Levels and vault maps discovered:
D:1:      dpeg_arrival_rhombi, layout_rooms
D:2:      layout_loops_ring
D:3:      layout_rooms, grunt_temple_overflow_forces_of_nature,
          shapermc_ecumenical_altar_starsandcircs
D:4:      layout_cave_pools, nicolae_yredelemnul_corpse_copse,
          minmay_manual_monolith

Notes
Turn   | Place    | Note
-------+----------+-------------------------------------------
     0 | D:1      | Sobieck the Vine Stalker Fighter began the quest for the
                  | Orb.
     0 | D:1      | Reached XP level 1. HP: 11/11 MP: 2/2
   128 | D:1      | Reached skill level 2 in Short Blades
   128 | D:1      | Reached skill level 1 in Stealth
   128 | D:1      | Reached XP level 2. HP: 16/16 MP: 3/3
   196 | D:1      | You add the spells Alistair's Intoxication, Borgnjor's Vile
                  | Clutch and Eringya's Noxious Bog to your library.
   247 | D:1      | Reached skill level 3 in Fighting
   345 | D:1      | Reached XP level 3. HP: 19/20 MP: 4/4
   351 | D:1      | Reached skill level 2 in Stealth
  1559 | D:3      | Gained mutation: Your natural rate of healing is unusually
                  | fast. [Vine Stalker growth]
  1559 | D:3      | Reached XP level 4. HP: 24/24 MP: 5/5
  1758 | D:3      | Found a faded altar of an unknown god.
  1807 | D:3      | Found a blossoming altar of Fedhas.
  1910 | D:3      | Identified the +4 scale mail "Patsaidgh" {Fly rCorr Slay+3}
  2017 | D:3      | Found a stormy altar of Qazlal.
  2113 | D:4      | You pick up a book of Conjurations {@e2} and begin
                  | reading...
  2113 | D:4      | You add the spells Magic Dart, Searing Ray and Fulminant
                  | Prism to your library.
  2125 | D:4      | Reached skill level 3 in Short Blades
  2125 | D:4      | Reached skill level 3 in Stealth
  2125 | D:4      | Reached XP level 5. HP: 29/29 MP: 6/6
  2127 | D:4      | Noticed a kobold brigand
  2316 | D:4      | Reached skill level 4 in Fighting
  2316 | D:4      | Reached skill level 4 in Stealth
  2316 | D:4      | Reached XP level 6. HP: 33/33 MP: 7/7
  2332 | D:4      | Succumbed to a kobold brigand's curare-tipped dart

Vanquished Creatures
  A scorpion (D:4)
  A howler monkey (D:4)
  An orc priest (D:3)
  An orc wizard (D:3)
  2 adders (D:3)
  2 worms
  2 dart slugs
  3 orcs (D:3)
  8 bats
  3 endoplasms
  5 giant cockroaches
  4 goblins
  7 hobgoblins
  3 quokkas
  7 ball pythons
  6 frilled lizards
  8 kobolds
  6 rats
70 creatures vanquished.

Vanquished Creatures (others)
  4 plants (D:3)
4 creatures vanquished.

Grand Total: 74 creatures vanquished

Table legend:
 A = Non-vault XP
 B = Vault XP
 C = Vault XP percentage of total XP
 D = Non-vault monster count
 E = Vault monster count
 F = Vault count percentage of total count
                 A         B        C        D         E       F
            +---------+---------+-------+---------+---------+-------
      Total |     356 |       0 |   0.0 |      70 |       0 |   0.0
            +---------+---------+-------+---------+---------+-------
        D:1 |      50 |       0 |   0.0 |      32 |       0 |   0.0
        D:2 |      23 |       0 |   0.0 |      13 |       0 |   0.0
        D:3 |     137 |       0 |   0.0 |      19 |       0 |   0.0
        D:4 |     146 |       0 |   0.0 |       6 |       0 |   0.0
            +---------+---------+-------+---------+---------+-------

Illustrated notes

Table legend:
 A = Kills in this place as a percentage of kills in entire the game.
 B = Kills by you in this place as a percentage of kills by you in the entire game.
 C = Kills by friends in this place as a percentage of kills by friends in the entire game.
 D = Other kills in this place as a percentage of other kills in the entire game.
 E = Experience gained in this place as a percentage of experience gained in the entire game.
 F = Experience gained in this place divided by the number of levels of this place that you have seen.
                   A       B       C       D       E      F
               +-------+-------+-------+-------+-------+----------------------
         Total | 100.0 | 100.0 |   N/A |   N/A | 100.0 |  89.0
       Dungeon | 100.0 | 100.0 |   N/A |   N/A | 100.0 |  89.0
               +-------+-------+-------+-------+-------+----------------------

Table legend: (Time is in decaauts)
 A = Elapsed time spent in this place.
 B = Non-inter-level travel time spent in this place.
 C = Inter-level travel time spent in this place.
 D = Time resting spent in this place.
 E = Time spent auto-exploring this place.
 F = Levels seen in this place.
 G = Mean time per level.
                   A        B        C        D        E       F      G
               +--------+--------+--------+--------+--------+-----+--------+
         Total |   2391 |   2254 |    137 |      4 |   1680 |   4 |  597.8 |
       Dungeon |   2391 |   2254 |    137 |      4 |   1680 |   4 |  597.8 |
               +--------+--------+--------+--------+--------+-----+--------+

Top non-repeatable levels by time:
     D:2: 856 daAuts
     D:3: 748 daAuts
     D:1: 658 daAuts
     D:4: 127 daAuts
